 Dungeon Crawl Stone Soup version 0.30-a0-457-g4b7bca3bfa (webtiles) character file.

Game seed: 5353139973564040882

28 arthad the Trooper (level 3, -7/29 (33) HPs)
             Began as a Minotaur Fighter on Dec 14, 2022.
             Mangled by Terence
             ... wielding the +7 Throatcutter {drain, coup de grace}
              (10 damage)
             ... on level 2 of the Dungeon.
             The game lasted 00:01:19 (1010 turns).

arthad the Trooper (Minotaur Fighter)               Turns: 1010, Time: 00:01:20

HP:   -7/29 (33)    AC:  7    Str: 22    XL:     3   Next: 0%
MP:   2/2           EV:  9    Int:  5    God:
Gold: 55            SH:  4    Dex:  9    Spells: 2/2 levels left

rFire   . . .      SeeInvis .    a - +0 war axe
rCold   + . .      Faith    .    c - +0 buckler
rNeg    . . .      Spirit   .    b - +0 scale mail
rPois   .          Reflect  .    (helmet restricted)
rElec   .          Harm     .    (no cloak)
rCorr   .          Rampage  .    (no gloves)
Will    .....                    (no boots)
Stlth   ..........               (no amulet)
HPRegen 0.24/turn                j - ring of protection from cold
MPRegen 0.08/turn                (no ring)

@: mighty, heavily drained
A: horns 2, retaliatory headbutt
a: no special abilities


You were on level 2 of the Dungeon.
You visited 1 branch of the dungeon, and saw 2 of its levels.

You collected 55 gold pieces.

Inventory:

Hand Weapons
 a - a +0 war axe (weapon)
Missiles
 k - 4 atropa-tipped darts (quivered)
Armour
 b - a +0 scale mail (worn)
 c - a +0 buckler (worn)
Jewellery
 j - a ring of protection from cold (left hand)
Scrolls
 e - a scroll of enchant weapon {unknown}
 f - 2 scrolls of teleportation {unknown}
 l - a scroll of fear {unknown}
Potions
 g - a potion of heal wounds {unknown}
 h - a potion of berserk rage {unknown}
 i - a potion of cancellation {unknown}


   Skills:
 * Level 4.0 Fighting
 * Level 3.1 Axes
 + Level 3.8 Armour
 + Level 0.5 Dodging
 + Level 0.5 Stealth
 + Level 3.8 Shields


You had 2 spell levels left.
You didn't know any spells.
Your spell library contained the following spells:

 Spells                   Type           Power      Damage    Failure   Level
 Blink                    Tloc           0%         N/A       95%         2
 Manifold Assault         Tloc           0%         N/A       100%        4
 Iskenderun's Battlesphe  Conj           0%         2d6       100%        5
 Iron Shot                Conj/Erth      0%         9d1       100%        6
 Spellforged Servitor     Conj/Summ      0%         N/A       100%        7
 Storm Form               Tmut/Air       0%         N/A       100%        7


Dungeon Overview and Level Annotations

Branches:
Dungeon (2/15)

Altars:

Annotations:
D:2 1 runed translucent door, Crazy Yiuf, Terence


Innate Abilities, Weirdness & Mutations

You have a pair of horns on your head.
You reflexively headbutt those who attack you in melee.


Message History

You feel stronger. x2
You see here a +0 leather armour.
There is a stone staircase leading up here.
Found a stone staircase leading up.
l - a scroll labelled BUHEKAD OVEUCUTZ You pick up a book of Power and begin reading...
You add the spells Iskenderun's Battlesphere, Iron Shot and Spellforged Servitor to your library.
Terence the Incautious comes into view.
He is wielding the +7 Throatcutter {drain, coup de grace}.
Terence shouts!
Terence hits you with the +7 Throatcutter {drain, coup de grace}!
You feel drained.
You hit Terence but do no damage. You headbutt Terence.
Terence is lightly wounded.
Terence closely misses you.
Terence hits you with the +7 Throatcutter {drain, coup de grace}.
You feel drained.
You slash Terence!
Terence is heavily wounded.
Terence barely misses you.
You barely miss Terence.
Terence is heavily wounded.
Terence hits you with the +7 Throatcutter {drain, coup de grace}!
* * * LOW HITPOINT WARNING * * *
You feel drained.
* * * LOW HITPOINT WARNING * * *
You are too injured to fight recklessly!
You are too injured to fight recklessly!
You are too injured to fight recklessly!
You are too injured to fight recklessly!
You are too injured to fight recklessly!
You are too injured to fight recklessly!
Press: ? - help, v - describe, . - travel
Here: Terence, wielding the +7 Throatcutter {drain, coup de grace} and wearing a +4 scale mail (heavily wounded)
The floor.
Unknown command.
Okay, then.
Okay, then.
You feel very mighty all of a sudden.
Terence hits you with the +7 Throatcutter {drain, coup de grace}!
You die...

#.####.## ##...
#.......###### #....
######.......# #....
##...#...# #....
##....#...# ##...
##.....#...# #####.#
##......#...###.###.#
#.....#.#.#.##...##.#
+...@..###...........
#...@...#...##<..####
##..........##..##
##.....#### #.##
##...## #.# ##+## #.#
#.# #.


You could see Terence.

Vanquished Creatures
  2 dart slugs
  3 bats
  2 endoplasms (D:1)
  2 giant cockroaches
  A hobgoblin (D:1)
  3 jackals (D:1)
  4 kobolds (D:1)
  A ball python (D:1)
  A frilled lizard (D:1)
  5 rats (D:1)
24 creatures vanquished.

Notes
Turn   | Place    | Note
-------+----------+-------------------------------------------
     0 | D:1      | arthad the Minotaur Fighter began the quest for the Orb.
     0 | D:1      | Reached XP level 1. HP: 19/19 MP: 0/0
   126 | D:1      | Reached XP level 2. HP: 27/27 MP: 1/1
   195 | D:1      | Found a faded altar of an unknown god.
   473 | D:1      | Reached skill level 4 in Fighting
   802 | D:2      | Found a runed translucent door.
   803 | D:2      | Noticed Crazy Yiuf
   864 | D:2      | Reached XP level 3. HP: 33/33 MP: 2/2
  1003 | D:2      | Noticed Terence
  1010 | D:2      | Mangled by Terence

Illustrated notes

Levels and vault maps discovered:
D:1:      lightli_arrival_boilingwater, layout_basic,
          ebering_ecumenical_altar_abandoned, minmay_misc_feat_nine_boxes
D:2:      layout_loops_corners, serial_shops, nicolae_shop_advertising_works
          [nicolae_subvault_shop_adworks], serial_bayou_pond_e,
          kennysheep_generic_room_8, uniq_terence, uniq_crazy_yiuf_cottage

Skill      XL: |  1  2 |
---------------+-------+-----
Axes           | 3 |  3.1
Fighting       | 4 |  4.0
Armour         | |  3.8
Dodging        | |  0.5
Stealth        | |  0.5
Shields        | |  3.8

Action                   || total
-------------------------++-------
Melee: War axe           ||    39
       Headbutt          ||     6
  Use: Potion            ||     1
Armor: Scale mail        ||    17
Dodge: Dodged            ||    25
Block: Buckler           ||     7

Table legend: (Time is in decaauts)
 A = Elapsed time spent in this place.
 B = Non-inter-level travel time spent in this place.
 C = Inter-level travel time spent in this place.
 D = Time resting spent in this place.
 E = Time spent auto-exploring this place.
 F = Levels seen in this place.
 G = Mean time per level.
                   A        B        C        D        E       F      G
               +--------+--------+--------+--------+--------+-----+--------+
         Total |   1038 |    977 |     61 |      0 |    822 |   2 |  519.0 |
       Dungeon |   1038 |    977 |     61 |      0 |    822 |   2 |  519.0 |
               +--------+--------+--------+--------+--------+-----+--------+

Top non-repeatable levels by time:
     D:1: 728 daAuts
     D:2: 310 daAuts
